 Dungeon Crawl Stone Soup version 0.17-a0-1596-g1e86911 (webtiles) character file.

107 karlkraus the Covered (level 4, -5/40 HPs)
             Began as a Minotaur Fighter on July 31, 2015.
             Slain by a gnoll
             ... wielding a +0 halberd
              (12 damage)
             ... on level 3 of the Dungeon.
             The game lasted 00:02:48 (1432 turns).

karlkraus the Covered (Minotaur Fighter)            Turns: 1432, Time: 00:02:48

Health: -5/40      AC:  8    Str: 27    XL:     4   Next: 57%
Magic:  3/3        EV:  8    Int:  5    God:
Gold:   97         SH: 10    Dex:  9    Spells: 0 memorised, 3 levels left

rFire  . . .     SeeInvis .     a - +0 flail
rCold  . . .     Clarity  .     b - +0 scale mail
rNeg   . . .     SustAt   .     c - +0 shield
rPois  .         Gourm    .     (helmet restricted)
rElec  .         Spirit   .     (no cloak)
rCorr  .         Warding  .     (no gloves)
rMut   .         Stasis   .     i - +0 pair of boots
MR     .....                    (no amulet)
Stlth  ..........               (no ring)
                                (no ring)

@: mighty, not resistant to hostile enchantments, extremely unstealthy
A: retaliatory headbutt, horns 2
a: no special abilities


You were on level 3 of the Dungeon.
You were near starving.

You visited 1 branch of the dungeon, and saw 4 of its levels.

You collected 97 gold pieces.

Inventory:

Hand weapons
 a - a +0 flail (weapon)
Armour
 b - a +0 scale mail (worn)
 c - a +0 shield (worn)
 i - a +0 pair of boots (worn)
Scrolls
 g - a scroll of enchant armour {unknown}
 h - 3 scrolls of remove curse {unknown}
 k - 2 scrolls of identify {unknown}
 l - a scroll of noise {unknown}
 m - a scroll of recharging {unknown}
 p - a scroll of fog {unknown}
Potions
 f - 2 potions of curing {unknown}
 j - 2 potions of heal wounds {unknown}
 n - a potion of lignification {unknown}
Comestibles
 e - 3 bread rations
 o - a meat ration


   Skills:
 + Level 4.2 Fighting
 + Level 3.0 Maces & Flails
 + Level 4.7 Armour
 + Level 1.0 Dodging
 + Level 0.3 Stealth
 + Level 4.6 Shields


You had 3 spell levels left.
You didn't know any spells.

Dungeon Overview and Level Annotations

Branches:
Dungeon (4/15)
 Temple: D:4-7

Altars:
Sif Muna


Innate Abilities, Weirdness & Mutations

You reflexively headbutt those who attack you in melee.
You have a pair of horns on your head.


Message History

The gnoll is severely wounded.
You block the gnoll's attack. x2
Your shield prevents you from hitting the gnoll.
The gnoll is severely wounded.
The gnoll hits you with a flail.
The gnoll hits you from afar with a halberd.
You hit the gnoll.
You kill the gnoll!
Your Maces & Flails skill increases to level 3!
The gnoll hits you from afar with a halberd!
* * * LOW HITPOINT WARNING * * *
You are too injured to fight recklessly!
You are too injured to fight recklessly!
You are too injured to fight recklessly!
You are too injured to fight recklessly!
You are too injured to fight recklessly!
Drink which item? (? for menu, Esc to quit)
You feel very mighty all of a sudden. The gnoll hits you with a halberd!
You die...

#+# #.# ### #.#
##.###.##
#.......#####.
##.#..........
#.##...######
#.########.###.##
#.gwg@.....# #.#
############ #.#
#.# #.# #.# #.#
#########
###.######
#.......#
#........#
#.#####.#
#.#.#.##<##


You could see a worm and 2 gnolls.

Vanquished Creatures
  5 adders
  2 gnolls (D:3)
  An ooze (D:1)
  2 giant geckos
  7 goblins
  3 hobgoblins
  3 jackals (D:1)
  5 kobolds
  4 bats
  2 giant newts (D:3)
  3 rats (D:1)
37 creatures vanquished.

Notes
Turn   | Place    | Note
--------------------------------------------------------------
     0 | D:1      | karlkraus the Minotaur Fighter began the quest for the Orb.
     0 | D:1      | Reached XP level 1. HP: 19/19 MP: 0/0
    38 | D:1      | Reached skill level 4 in Shields
   168 | D:1      | Reached XP level 2. HP: 27/27 MP: 1/1
   459 | D:1      | Reached XP level 3. HP: 12/33 MP: 2/2
   816 | D:2      | Found a deep blue altar of Sif Muna.
  1054 | D:2      | You fall through a shaft for 2 floors!
  1251 | D:3      | Reached XP level 4. HP: 31/40 MP: 3/3
  1424 | D:3      | Reached skill level 1 in Dodging
  1432 | D:3      | Slain by a gnoll

Vault maps used:
D:1:      erik_arrival_blinker_ship, minmay_distorted
D:2:      led_sif_pool, first_bread, kennysheep_generic_room_11
D:4:      ashenzari_conservatory_becter, minmay_liquid_box,
          lightli_corner_chamber, uniq_eustachio

Action                   |  1- 3 |  4- 6 || total
-------------------------+-------+-------++-------
Melee: Flail             |    82 |    17 ||    99
  Use: Potion            |       |     1 ||     1
